 Dungeon Crawl Stone Soup version 0.30.0-18-gc0e69614cb (webtiles) character file.

Game seed: 4243714297947822567

47331 McKennaii the Devastator (level 13, -27/86 HPs)
             Began as a Demigod Conjurer on May 23, 2023.
             Annihilated by a boulder beetle (113 damage)
             ... on level 5 of the Lair of Beasts.
             The game lasted 00:46:15 (25628 turns).

McKennaii the Devastator (Demigod Conjurer)        Turns: 25628, Time: 00:46:15

Health: -27/86     AC: 12    Str: 11    XL:     13   Next: 71%
Magic:  28/37      EV:  2    Int: 42    God:
Gold:   1338       SH:  0    Dex: 12    Spells: 29/41 levels left

rFire   + . .        O - staff of fire
rCold   . . .        (no shield)
rNeg    + + .        K - +1 steam dragon scales
rPois   .            I - +0 helmet
rElec   .            v - +2 cloak of the Volcano {Will+ rCorr}
rCorr   +            S - +0 pair of gloves
SInv    .            H - +0 pair of boots
Will    +++..        P - amulet of regeneration
Stlth   ++           y - ring "Huaxt" {rN++ Will+ Str+3}
HPRegen 1.14/turn    E - +6 ring of intelligence
MPRegen 0.25/turn

%: no passive effects
@: sleeping
A: high MP 1, forlorn, divine attributes
a: no special abilities


You were on level 5 of the Lair of Beasts.
You visited 2 branches of the dungeon, and saw 16 of its levels.
You also visited: Ossuary and Bailey.

You collected 1338 gold pieces.

Inventory:

Hand Weapons
 n - a +1 glaive of flaming
Armour
 f - a scarf of resistance
 i - the +3 kite shield of Roizaz Heysu {Will+ Int+2}
   (You found it on level 8 of the Dungeon)

   Int:       It affects your intelligence (+2).
   Will:      It increases your willpower.
 v - the +2 cloak of the Volcano (worn) {Will+ rCorr}
   (You found it in a bailey)

   rCorr:     It protects you from acid and corrosion.
   Will:      It increases your willpower.
 H - a +0 pair of boots (worn)
 I - a +0 helmet (worn)
 K - +1 steam dragon scales (worn)
 S - a +0 pair of gloves (worn)
Magical Staves
 O - a staff of fire (weapon)
Jewellery
 y - the ring "Huaxt" (left hand) {rN++ Will+ Str+3}
   (You took it off an orc warrior in a bailey)

   [ring of willpower]

   Str:       It affects your strength (+3).
   rN:        It greatly protects you from negative energy.
   Will:      It increases your willpower.
 E - a +6 ring of intelligence (right hand)
 P - an amulet of regeneration (around neck)
 Q - a ring of flight
 R - a ring of positive energy
Wands
 a - a wand of polymorph (17)
 p - a wand of mindburst (32)
 M - a wand of digging (7)
Scrolls
 g - 4 scrolls of teleportation
 h - 3 scrolls of blinking
 o - 5 scrolls of fear
 q - 6 scrolls of immolation
 r - a scroll of acquirement
 s - 5 scrolls of fog
 t - a scroll of noise
 u - 3 scrolls of enchant weapon
 w - a scroll of torment
 x - a scroll of silence
 C - a scroll of magic mapping
 D - 2 scrolls of amnesia
 G - 2 scrolls of summoning {unknown}
 J - a scroll of vulnerability {unknown}
Potions
 b - 5 potions of magic
 c - 3 potions of mutation
 d - 8 potions of attraction
 e - 8 potions of curing
 j - 3 potions of ambrosia
 k - a potion of haste
 l - 5 potions of flight
 m - 3 potions of resistance
 z - a potion of brilliance {unknown}
 A - 2 potions of invisibility {unknown}
 B - 5 potions of heal wounds {unknown}
 F - 4 potions of degeneration {unknown}
 L - 4 potions of might {unknown}


   Skills:
 - Level 1.7 Dodging
 - Level 1.7 Stealth
 + Level 14.9 Spellcasting
 + Level 16.3 Conjurations


You had 29 spell levels left.
You knew the following spells:

 Your Spells              Type           Power      Damage    Failure   Level
a - Magic Dart            Conj           100%       1d8       0%          1
b - Searing Ray           Conj           100%       2d8       0%          2
c - Iskenderun's Mystic   Conj/Tloc      79%        2d16      1%          4
f - Freezing Cloud        Conj/Ice/Air   33%        6-21      2%          5

Your spell library contained the following spells:

 Spells                   Type           Power      Damage    Failure   Level
 Kiss of Death            Conj/Necr      100%       2d13      1%          1
 Necrotise                Necr           100%       1d9       1%          1
 Cigotuvi's Dreadful Rot  Necr/Pois/Air  62%        N/A       1%          2
 Ensorcelled Hibernation  Hex/Ice        62%        N/A       1%          2
 Poisonous Vapours        Pois/Air       62%        N/A       1%          2
 Dazzling Flash           Conj/Hex       100%       N/A       1%          3
 Mephitic Cloud           Conj/Pois/Air  67%        N/A       1%          3
 Fulminant Prism          Conj/Hex       39%        3d17      1%          4
 Confusing Touch          Hex            31%        N/A       2%          3
 Ignite Poison            Fire/Tmut/Pois 46%        N/A       2%          3
 Spider Form              Tmut/Pois      31%        N/A       2%          3
 Vampiric Draining        Necr           31%        2d8       2%          3
 Volatile Blastmotes      Fire/Tloc      92%        2d17      2%          3
 Starburst                Conj/Fire      50%        6d14      4%          6
 Anguish                  Hex/Necr       15%        N/A       10%         4
 Cause Fear               Hex            15%        N/A       10%         4
 Dispel Undead            Necr           31%        3d14      10%         4
 Agony                    Necr           31%        N/A       26%         5
 Enfeeble                 Hex            15%        N/A       100%        7


Dungeon Overview and Level Annotations

Branches:
Dungeon (11/15)            Temple (0/1) D:6            Lair (5/5) D:9
 Shoals (0/4) Lair:3       Spider (0/4) Lair:3        Slime (0/5) Lair:4
    Orc (0/2) D:11        Ossuary (visited)          Bailey (visited)

Shops:
D:7 [


Innate Abilities, Weirdness & Mutations

You have an increased reservoir of magic. (+10% MP)
You shall have no god before yourself.
Your divine heritage dramatically boosts your attributes as you level up.


Message History

Casting: Freezing Cloud (dangerous; 2% risk of failure)
Confirm with . or Enter, or press ? or * to list all spells.
Aiming: Freezing Cloud (dangerous; 2% risk of failure)
Press: ? - help, Dir - move target Unknown command.
Unknown command.
Reactivating autopickup.
You feel a bit more experienced.
g - 4 scrolls of teleportation (gained 1)
A boulder beetle comes into view.
The magic dart hits the boulder beetle but does no damage.
The boulder beetle leaps!
You can't see any susceptible monsters within range! (Use Z to cast anyway.)
A dream sheep comes into view.
Casting: Magic Dart (safe; 0% risk of failure)
Confirm with . or Enter, or press ? or * to list all spells.
Aiming: Freezing Cloud (dangerous; 2% risk of failure)
Press: ? - help, Dir - move target, p - boulder beetle The dream sheep bleats!
A dream sheep comes into view.
Unknown command.
The boulder beetle is engulfed in freezing vapours.
Casting: Freezing Cloud (dangerous; 2% risk of failure)
Confirm with . or Enter, or press ? or * to list all spells.
Aiming: Freezing Cloud (dangerous; 2% risk of failure)
Press: ? - help, Dir - move target That beam is likely to hit you.
Continue anyway?
The dream sheep bleats!
The boulder beetle curls into a ball and begins rolling!
A dream sheep comes into view.
Unknown command.
A water moccasin comes into view.
A dream sheep comes into view.
The dream sheep shake their wool and sparkle.
You feel drowsy...
You fall asleep.
A dream sheep comes into view.
The boulder beetle is engulfed in freezing vapours. x2
The boulder beetle is engulfed in freezing vapours.
The boulder beetle hits you!!!!
Ouch! That really hurt!
You die...

.........##.#..#.................
.. .....) ###..................
P.###..#.................
.........................
#...................<....
#........................
...!................#.#..
..........§..............
........@B§§§§...........
.........§§§§............
.........§§§§§...........
..YY.Y...§§§.......####P.
...Y............... #..
.SY................ #..
.......P...P...... ##.
..........#####. #. #.


You could see a boulder beetle (rolling), a water moccasin (wandering) and 5
dream sheep.

Vanquished Creatures
  3 hydras
  Erolcha (D:10)
  A catoblepas (Lair:1)
  Erica (D:9)
  2 two-headed ogres
  Nergalle (Lair:1)
  9 death yaks
  A skyshark (Lair:4)
  An orc knight (Bailey)
  A lindwurm (Lair:5)
  2 harpies (Lair:3)
  A cyclops (D:11)
  A manticore (D:10)
  Maurice (D:10)
  4 black mambas
  15 elephants
  A gargoyle (D:8)
  Maggie (D:7)
  A torpor snail (Lair:4)
  2 rime drakes (Lair:4)
  9 cane toads
  10 komodo dragons
  3 kobold demonologists (D:11)
  3 trolls
  3 polar bears
  Grinder (D:6)
  Prince Ribbit (D:7)
  A hornet (D:11)
  9 blink frogs
  46 yaks
  4 wyverns
  A shadow (D:10)
  A wraith (D:10)
  2 basilisks
  2 steam dragons (D:9)
  3 fire elementals (Lair:4)
  4 vampire mosquitoes (D:10)
  Edmund (D:6)
  11 water moccasins
  2 acid dragons
  Duvessa (D:6)
  4 black bears
  8 orc warriors
  2 ice beasts
  An ogre (D:5)
  5 wolves (Lair:5)
  A boggart (Lair:5)
  2 centaurs
  A phantom (D:6)
  5 kobold brigands
  15 bullfrogs
  A gnoll sergeant (D:9)
  2 water moccasin zombies (Ossuary)
  A scorpion (D:9)
  4 wights (D:7)
  Dowan (D:6)
  22 killer bees
  10 electric eels
  2 howler monkeys
  4 lava snakes
  2 hounds
  3 jellies
  3 orc priests
  3 sleepcaps
  Jessica (D:2)
  5 iguanas
  3 orc wizards
  Natasha (twice) (D:3)
  2 mummies (Ossuary)
  3 gnolls (D:9)
  6 adders
  A shadow imp (D:6)
  2 white imps
  4 adder zombies (Ossuary)
  3 worms
  A dart slug (D:3)
  48 orcs
  4 bats
  7 endoplasms
  2 giant cockroaches
  4 goblins
  7 hobgoblins
  3 jackals (D:3)
  A quokka (D:1)
  2 ball pythons
  5 frilled lizards
  3 gnoll zombies (Ossuary)
  6 hobgoblin zombies (Ossuary)
  11 kobolds
  7 kobold zombies (Ossuary)
  6 orc zombies (Ossuary)
  3 rats
422 creatures vanquished.

Notes
Turn   | Place    | Note
-------+----------+-------------------------------------------
     0 | D:1      | McKennaii the Demigod Conjurer began the quest for the Orb.
     0 | D:1      | Reached XP level 1. HP: 14/14 MP: 5/5
   403 | D:1      | Reached XP level 2. HP: 20/20 MP: 0/7
  1247 | D:2      | Reached skill level 4 in Conjurations
  1722 | D:2      | Reached XP level 3. HP: 26/26 MP: 3/9
  1870 | D:2      | Noticed Jessica
  1873 | D:2      | Killed Jessica
  2519 | D:3      | Noticed Natasha
  2540 | D:3      | Killed Natasha
  2541 | D:3      | Reached XP level 4. HP: 4/33 MP: 9/11
  3018 | D:3      | Noticed Natasha
  3025 | D:3      | Killed Natasha
  3029 | D:3      | Learned a level 2 spell: Searing Ray
  3456 | D:4      | Reached XP level 5. HP: 38/38 MP: 4/13
  3650 | D:4      | Reached skill level 5 in Conjurations
  4521 | D:5      | Entered Level 5 of the Dungeon
  4528 | D:5      | Reached XP level 6. HP: 29/45 MP: 8/15
  5527 | D:6      | Reached skill level 6 in Conjurations
  5610 | D:6      | Found a staircase to the Ecumenical Temple.
  5671 | D:6      | Reached skill level 5 in Spellcasting
  5671 | D:6      | Reached XP level 7. HP: 50/50 MP: 11/18
  5719 | D:6      | Noticed Edmund
  5733 | D:6      | Killed Edmund
  5914 | D:6      | Noticed Duvessa
  5916 | D:6      | Noticed Dowan
  5932 | D:6      | Killed Duvessa
  5933 | D:6      | Killed Dowan
  5934 | D:6      | Reached skill level 7 in Conjurations
  6193 | D:6      | Noticed Grinder
  6210 | D:6      | Killed Grinder
  6211 | D:6      | Reached XP level 8. HP: 48/57 MP: 6/20
  6932 | D:7      | Found a sand-covered staircase.
  6940 | Ossuary  | Entered an ossuary
  7065 | Ossuary  | Learned a level 4 spell: Iskenderun's Mystic Blast
  7555 | D:7      | Reached skill level 8 in Conjurations
  7644 | D:7      | Noticed Maggie
  7660 | D:7      | Killed Maggie
  8074 | D:7      | Found Unimips's Armour Shop.
  8075 | D:7      | Noticed Prince Ribbit
  8083 | D:7      | Killed Prince Ribbit
  8438 | D:7      | Noticed a +0 falchion
  8438 | D:7      | Noticed a +0 short sword
  8438 | D:7      | Noticed a +0 dagger
  8438 | D:7      | Noticed a +0 short sword
  8439 | D:7      | Noticed a +0 falchion
  8439 | D:7      | Noticed a +0 dagger
  8440 | D:7      | Noticed a +0 spear
  8443 | D:7      | Noticed a +0 spear
  8507 | D:7      | Reached XP level 9. HP: 62/62 MP: 18/24
  8519 | D:7      | Reached skill level 9 in Conjurations
  8969 | D:8      | Identified a scroll of acquirement
  9056 | D:8      | Identified the +3 kite shield of Roizaz Heysu {Will+ Int+2}
  9074 | D:8      | Noticed a two-headed ogre
  9085 | D:8      | Killed a two-headed ogre
  9091 | D:8      | Found a flagged portal.
  9166 | Bailey   | Entered a bailey
  9452 | Bailey   | Noticed an orc knight
  9497 | Bailey   | Learned a level 5 spell: Freezing Cloud
  9704 | Bailey   | Identified the ring "Huaxt" {rN++ Will+ Str+3}
  9873 | Bailey   | Reached skill level 10 in Conjurations
  9968 | Bailey   | Identified the +2 cloak of the Volcano {Will+ rCorr}
 10130 | Bailey   | Killed an orc knight
 10542 | D:8      | Noticed a gargoyle
 11074 | D:9      | Reached XP level 10. HP: 41/69 MP: 15/27
 11471 | D:9      | Found a staircase to the Lair.
 11557 | D:9      | Noticed Erica
 11646 | D:9      | Reached skill level 11 in Conjurations
 11673 | D:9      | Noticed a two-headed ogre
 11692 | D:9      | Killed Erica
 11693 | D:9      | Reached skill level 10 in Spellcasting
 11693 | D:9      | Killed a two-headed ogre
 12193 | D:9      | Reached skill level 12 in Conjurations
 12193 | D:9      | Reached XP level 11. HP: 66/74 MP: 18/30
 12535 | D:9      | You fall into a shaft and drop 1 floor!
 12535 | D:10     | Entered Level 10 of the Dungeon
 12989 | D:10     | Noticed Maurice
 12995 | D:10     | Killed Maurice
 13812 | D:10     | Noticed Erolcha
 13866 | D:10     | Killed Erolcha
 14373 | D:11     | Reached skill level 13 in Conjurations
 14725 | D:11     | Found a staircase to the Orcish Mines.
 15356 | Lair:1   | Entered Level 1 of the Lair of Beasts
 15857 | Lair:1   | Noticed a catoblepas
 15872 | Lair:1   | Killed a catoblepas
 16012 | Lair:1   | Noticed Nergalle
 16019 | Lair:1   | Killed Nergalle
 16753 | Lair:2   | Noticed a death yak
 16755 | Lair:2   | Noticed a death yak
 16756 | Lair:2   | Noticed a death yak
 16757 | Lair:2   | Noticed a death yak
 16759 | Lair:2   | Noticed a death yak
 16760 | Lair:2   | Noticed a death yak
 16764 | Lair:2   | Killed a death yak
 16765 | Lair:2   | Reached XP level 12. HP: 50/81 MP: 9/33
 17394 | Lair:2   | Reached skill level 14 in Conjurations
 17605 | Lair:2   | Noticed a four-headed hydra
 17619 | Lair:2   | Killed a four-headed hydra
 18296 | Lair:2   | HP: 1/81 [death yak (9)]
 20464 | Lair:3   | Reached skill level 15 in Conjurations
 20848 | Lair:3   | Found a staircase to the Shoals.
 21079 | Lair:2   | Reached XP level 13. HP: 86/86 MP: 2/35
 21666 | Lair:3   | Found a hole to the Spider Nest.
 23205 | Lair:4   | Found a staircase to the Slime Pits.
 23976 | Lair:4   | Reached skill level 16 in Conjurations
 24465 | Lair:5   | Entered Level 5 of the Lair of Beasts
 25628 | Lair:5   | Annihilated by a boulder beetle

Illustrated notes

Levels and vault maps discovered:
D:1:      heliophobic_arrival_dark_side_of_the_moon, layout_loops_corners
D:2:      layout_loops_ring, basic_altar, chequers_decorated_corner,
          uniq_jessica
D:3:      layout_basic, uniq_natasha
D:4:      layout_basic, mainiacjoe_overflow_tiny_flanked
D:5:      layout_basic, nicolae_overflow_hidden_temple, lemuel_tele_altar,
          minmay_liquid_box
D:6:      layout_loops_ring, fedhas_altar_4,
          mainiacjoe_overflow_surrounded_room,
          mainiacjoe_overflow_concentric_impassable, minmay_temple_entry_glass,
          uniq_edmund, uniq_grinder, uniq_duvessa
D:7:      layout_basic, nicolae_uskayaw_en_pointe, marbit_many_paths,
          chequers_ossuary_entry_cave, minmay_gold_behind_fungi,
          kennysheep_big_empty_room, nicolae_stop_n_shop_1, uniq_maggie,
          uniq_prince_ribbit1
D:8:      layout_basic, chequers_temple_overflow_minitemple, enter_bailey_4,
          chequers_arboretum
D:9:      cheibrodos_steamvent, layout_rooms, due_lair_maze_entry_diamond,
          uniq_erica
D:10:     layout_irregular_city, uniq_maurice, uniq_erolcha
D:11:     layout_grid_maze, orc_0_dummy
Lair:1:   layout_loops_ring, chequers_serial_rivers_small_b, uniq_nergalle
Lair:2:   layout_cellular_growth, nicolae_lair_liquid_snakes,
          serial_bayou_shore_a, grunt_megastairs_4
Lair:3:   layout_hall_layers, nicolae_shoals_entry_roost,
          spider_nest_entry_web_field
Lair:4:   layout_gridlike, nicolae_slime_entry_slimehenge, serial_bayou_ford_a,
          grunt_megastairs_1
Lair:5:   minmay_lair_end_enchanted_forest, layout_gridlike

Skill      XL: |  1  2  3  4  5  6  7  8  9 10 11 12 13 |
---------------+----------------------------------------+-----
Spellcasting   | 2 3 4 5 6 7 9 10 12 13 14 | 14.9
Conjurations   | 4 5 6 7 8 10 12 13 15 16 | 16.3
Dodging        | |  1.7
Stealth        | |  1.7

Action                     |  1- 3 |  4- 6 |  7- 9 | 10-12 | 13-15 || total
---------------------------+-------+-------+-------+-------+-------++-------
  Melee: Glaive            |    10 |     9 |    18 |     4 |       ||    41
         Staff             |       |       |       |    13 |     9 ||    22
         Punch             |       |       |       |     2 |     1 ||     3
   Cast: Magic Dart        |    73 |   105 |   166 |   337 |   155 ||   836
         Searing Ray       |       |    12 |    61 |    64 |     9 ||   146
         Iskenderun's Myst |       |       |    10 |   165 |    74 ||   249
         Freezing Cloud    |       |       |       |    27 |    36 ||    63
  Evoke: Wand              |       |       |     1 |    22 |       ||    23
    Use: Scroll            |       |       |    10 |    11 |       ||    21
         Potion            |       |       |       |     5 |       ||     5
 Armour: Robe              |     5 |     5 |    12 |     9 |       ||    31
         Steam dragon scal |       |       |       |    82 |    25 ||   107
  Dodge: Dodged            |    19 |    21 |    96 |   148 |    42 ||   326
